 Dungeon Crawl Stone Soup version 0.23.2-33-g5129a83184 (webtiles) character file.

Game seed: 15534253966854336167

57 Folque the Conjurer (level 4, -1/33 HPs)
             Began as a Human Conjurer on July 1, 2019.
             Hit by a goblin thrown by Robin (3 damage)
             ... on level 2 of the Dungeon.
             The game lasted 00:03:28 (1013 turns).

Folque the Conjurer (Human Conjurer)                Turns: 1013, Time: 00:03:28

Health: -1/33      AC:  2    Str:  8    XL:     4   Next: 18%
Magic:  1/8        EV: 18    Int: 19    God:
Gold:   19         SH:  0    Dex: 18    Spells: 2/8 levels left

rFire    . . .     SeeInvis .   d - +0 spear
rCold    + . .     Gourm    .   (no shield)
rNeg     . . .     Faith    .   a - +0 robe
rPois    .         Spirit   .   (no helmet)
rElec    .         Reflect  .   (no cloak)
rCorr    .         Harm     .   (no gloves)
MR       .....     Rnd*Tele +   (no boots)
Stlth    +++.......             (no amulet)
HPRegen  0.11/turn              (no ring)
MPRegen  0.11/turn              (no ring)

@: agile
A: clever 1, cold resistance 1, teleportitis 1
a: no special abilities


You were on level 2 of the Dungeon.
You were hungry.

You visited 1 branch of the dungeon, and saw 2 of its levels.

You collected 19 gold pieces.

Inventory:

Hand Weapons
 d - a +0 spear (weapon)
 e - a +2 hand axe of flaming
 j - a +0 dagger
Armour
 a - a +0 robe (worn)
Scrolls
 g - a scroll of amnesia
 i - a scroll of identify {unknown}
 l - a scroll of remove curse {unknown}
Comestibles
 b - 7 chunks of flesh
 c - a ration


   Skills:
 - Level 2.0 Fighting
 - Level 2.0 Dodging
 - Level 2.0 Stealth
 * Level 2.7 Spellcasting
 + Level 4.4 Conjurations


You had 2 spell levels left.
You knew the following spells:

 Your Spells              Type           Power        Failure   Level  Hunger
a - Magic Dart            Conj           ###.         2%          1    None
b - Searing Ray           Conj           ###...       3%          2    ##.....
c - Dazzling Spray        Conj/Hex       ##....       19%         3    ###....

Your spell library contained the following spells:

 Spells                   Type           Power        Failure   Level  Hunger
 Iskenderun's Mystic Bla  Conj           ###.....     26%         4    ####...
 Force Lance              Conj/Tloc      ##......     54%         4    ####...
 Fulminant Prism          Conj/Hex       ##........   54%         4    ####...


Dungeon Overview and Level Annotations

Branches:
Dungeon (2/15)

Altars:
Ashenzari

Annotations:
D:2 Robin


Innate Abilities, Weirdness & Mutations

Your mind is acute. (Int +2)
Your flesh is cold resistant. (rC+)
You are occasionally teleported next to monsters.


Message History

The goblin goes into a battle-frenzy!
The goblin hits you.
* * * LOW HITPOINT WARNING * * *
You hear a shout!
It was a potion of agility.
You feel agile all of a sudden. The goblin misses you. The goblin hits you.
* * * LOW HITPOINT WARNING * * *
The hobgoblin completely misses you.
It was a potion of curing.
You feel better. The goblin completely misses you.
The goblin closely misses you. The goblin completely misses you.
The hobgoblin misses you. The goblin misses you. The hobgoblin hits you!
* * * LOW HITPOINT WARNING * * *
It was a potion of mutation.
You feel extremely strange.
You feel weirdly uncertain.
You feel resistant to cold.
You feel clever. The goblin hits you but does no damage.
The goblin hits you with a +0 club.
* * * LOW HITPOINT WARNING * * *
The goblin barely misses you. Robin throws the goblin at you!
You die...

#..# # #..### # #....#
.# #. #######.##.#
[#...
#####(().>.....##.#.##
#.....##.##....)....#⌠
#....g##.##.##.#....#.
#....gg.[#.g......####
#...g@##.#.)##...#...#
#...g.##.#..##...#...'
#####...g........#...#
####....###..##.##
###.## #.....#. #.#
####..#⌠ #.# ##.## #g#
#...


#gg ##.. You could see Robin, a hobgoblin and 3 goblins.

Vanquished Creatures
  2 adders (D:2)
  A worm (D:2)
  A dart slug (D:1)
  A leopard gecko (D:1)
  3 bats (D:1)
  2 giant cockroaches (D:1)
  8 goblins
  4 hobgoblins (D:1)
  3 kobolds
  A frilled lizard (D:1)
  3 rats
29 creatures vanquished.

Notes
Turn   | Place    | Note
-------+----------+-------------------------------------------
     0 | D:1      | Folque the Human Conjurer began the quest for the Orb.
     0 | D:1      | Reached XP level 1. HP: 13/13 MP: 3/3
   154 | D:1      | Reached skill level 1 in Fighting
   154 | D:1      | Reached XP level 2. HP: 21/21 MP: 5/5
   161 | D:1      | Learned a level 2 spell: Searing Ray
   730 | D:1      | Reached XP level 3. HP: 26/26 MP: 6/6
   936 | D:2      | Learned a level 3 spell: Dazzling Spray
   941 | D:2      | Found a shattered altar of Ashenzari.
   967 | D:2      | Noticed Robin
   994 | D:2      | Reached XP level 4. HP: 16/33 MP: 0/8
  1010 | D:2      | HP: 1/33 [goblin[Robin] (2)]
  1013 | D:2      | Gained mutation: You are occasionally teleported next to
                  | monsters. [potion of mutation]
  1013 | D:2      | Gained mutation: Your flesh is cold resistant. (rC+)
                  | [potion of mutation]
  1013 | D:2      | Gained mutation: Your mind is acute. (Int +2) [potion of
                  | mutation]
  1013 | D:2      | Hit by a goblin thrown by Robin

Skill      XL: |  1  2  3 |
---------------+----------+-----
Fighting       | 1 2 |  2.0
Dodging        | |  2.0
Stealth        | |  2.0
Spellcasting   | |  2.7
Conjurations   | |  4.4

Action                   |  1- 3 |  4- 6 || total
-------------------------+-------+-------++-------
Melee: Spear             |    71 |     8 ||    79
       Unarmed           |     8 |       ||     8
 Cast: Magic Dart        |    13 |     2 ||    15
       Searing Ray       |     2 |       ||     2
       Dazzling Spray    |     1 |       ||     1
  Use: Potion            |       |     3 ||     3
       Scroll            |       |     1 ||     1
 Stab: Sleeping          |     3 |       ||     3
Armor: Robe              |     8 |       ||     8
Dodge: Dodged            |    53 |    16 ||    69
